 Dungeon Sprint DCSS version 0.15-a0-134-gcf47855 (webtiles) character file.

1800 BluebellGnoll the Imperceptible (level 8, -3/37 HPs)
             Began as a Spriggan Assassin on Apr 12, 2014.
             Was a Believer of Dithmenos.
             Killed by an exploding giant spore (34 damage)
             ... in the Dungeon (Sprint IV: "Fedhas' Mad Dash").
             The game lasted 00:06:41 (371 turns).

BluebellGnoll the Imperceptible (Spriggan Assassin)  Turns: 371, Time: 00:06:41

HP  -3/37        AC  3     Str  7      XL: 8   Next: 81%
MP  16/16        EV 24     Int 15      God: Dithmenos [**....]
Gold 15          SH  0     Dex 17      Spells:  0 memorised,  7 levels left

rFire  . . .     SeeInvis +     a - +2 dagger
rCold  . . .     Clarity  .     c - +0 robe
rNeg   . . .     Conserve .     (shield restricted)
rPois  .         rCorr    .     (helmet restricted)
rElec  .         rRot     .     d - +0 cloak
SustAb . .       Spirit   .     (gloves unavailable)
rMut   .         Warding  .     (boots unavailable)
Saprov . . .     NoTele   +     (no amulet)
MR     +....                    (no ring)
                                n - ring of invisibility

@: confused, wreathed by umbra, very quick, somewhat resistant to hostile
enchantments, extremely stealthy
A: unfitting armour, see invisible, herbivore 3, speed 3, slow metabolism 2
a: Shadow Step, Renounce Religion, Evoke Invisibility


You were in the Dungeon.
You worshipped Dithmenos.
Dithmenos was pleased with you.
You were not hungry.

You visited 1 branch You collected 143 gold pieces.
You spent 128 gold pieces at shops.

Inventory:

Hand weapons
 a - a +2,+2 dagger (weapon)
 b - a +0 blowgun
Missiles
 e - 8 poisoned needles
 f - 2 curare-tipped needles
 q - 4 needles of confusion
Armour
 c - a +0 robe (worn)
 d - a +0 cloak (worn)
Magical devices
 r - a wand of polymorph (13)
Comestibles
 p - 3 honeycombs
Scrolls
 m - 2 scrolls of blinking
 o - 3 scrolls of identify
Jewellery
 n - a ring of invisibility (left hand)
Potions
 g - a potion of porridge
 h - a potion of curing
 i - a potion of heal wounds
 j - a potion of haste
 k - 2 potions of magic
 l - a potion of berserk rage


   Skills:
 - Level 1.5 Fighting
 * Level 6.7 Short Blades
 - Level 2.1 Throwing
 * Level 8.9 Dodging
 - Level 24.2 Stealth


You had 7 spell levels left.
You didn't know any spells.

Dungeon Overview and Level Annotations

Branches:
Dungeon (1/1)

Altars:
Cheibriados
Dithmenos
Elyvilon
Kikubaaqudgha
Makhleb
Nemelex Xobeh
Okawaru
Sif Muna
Trog
Vehumet
Xom
Yredelemnul
Zin
The Shining One
Beogh
Jiyva
Lugonu

Shops:
D }*=?

Annotations:
D exclusion: oklob sapling


Innate Abilities, Weirdness & Mutations

You are tiny and cannot use many weapons and most armour.
You have supernaturally acute eyesight.
You are a herbivore.
You cover ground extremely quickly.
You need consume almost no food.


Message History

Okay, then.
Evoke which item? (* to show all) (? for menu, Esc to quit)
Zapping:
r - a tapered brass wand
Press: ? - help, Shift-Dir - straight line, f/p - wandering mushroom
Aim: a wandering mushroom (lightly damaged, umbra)
The wandering mushroom evaporates and reforms as a giant spore!
r - a wand of polymorph {zapped: 1} A ballistomycete grows in the wake of the spore.
There is an open door here.
There is a basalt altar of Yredelemnul here.
There is an iron altar of Okawaru here.
There is a glowing golden altar of the Shining One here.
There is a white marble altar of Elyvilon here.
There is a glowing silver altar of Zin here.
There is a snail-covered altar of Cheibriados here.
The giant spore explodes!
The explosion of spores engulfs you!
You are confused.
Ouch! That really hurt!
You die...

#################################
.f#....%#.$...#.⌠.........⌠.#.)'.
..'.....'.#...'._._._._._._.'..#f
ff#...%.#P#%..#.._._._._._..#..##
############'##.@._._._._._.#..##
.♣........'...#.⌠.........⌠.#####
....♣.....#...###############
...♣..♣..###### ####'##### #....+
#.[### ####


There were no monsters in sight!

Vanquished Creatures
  An oklob plant (D)
  A wandering mushroom (D)
  A queen bee (D)
  2 burning bushes (D)
  3 oklob saplings (D)
  2 scorpions (D)
  4 killer bees (D)
  A worker ant (D)
  2 spriggans (D)
  A green rat (D)
  A rat (D)
19 creatures vanquished.

Notes
Turn   | Place    | Note
--------------------------------------------------------------
     0 | D        | BluebellGnoll, the Spriggan Assassin, began the quest for the Orb.
     0 | D        | Reached XP level 1. HP: 10/10 MP: 2/2
     8 | D        | Reached skill level 8 in Stealth
     8 | D        | Reached XP level 2. HP: 14/14 MP: 4/4
    10 | D        | Reached skill level 9 in Stealth
    17 | D        | Noticed an oklob sapling
    20 | D        | Noticed a worker ant
    22 | D        | Killed a worker ant
    22 | D        | Reached skill level 11 in Stealth
    22 | D        | Reached XP level 3. HP: 18/18 MP: 6/6
    38 | D        | Found a snail-covered altar of Cheibriados.
    38 | D        | Found a glowing silver altar of Zin.
    38 | D        | Found a white marble altar of Elyvilon.
    38 | D        | Found a viscous altar of Jiyva.
    38 | D        | Found a radiant altar of Vehumet.
    38 | D        | Found a deep blue altar of Sif Muna.
    38 | D        | Found an ancient bone altar of Kikubaaqudgha.
    38 | D        | Found a bloodstained altar of Trog.
    38 | D        | Found a corrupted altar of Lugonu.
    38 | D        | Noticed an oklob sapling priest
    39 | D        | Found a glowing golden altar of the Shining One.
    40 | D        | Found a burning altar of Makhleb.
    40 | D        | Found a sparkling altar of Nemelex Xobeh.
    41 | D        | Found an iron altar of Okawaru.
    42 | D        | Found a shadowy altar of Dithmenos.
    42 | D        | Found a shimmering altar of Xom.
    43 | D        | Found a basalt altar of Yredelemnul.
    44 | D        | Found a roughly hewn altar of Beogh.
    45 | D        | Killed an oklob sapling priest
    45 | D        | Reached skill level 13 in Stealth
    45 | D        | Reached XP level 4. HP: 22/22 MP: 8/8
    52 | D        | Became a worshipper of Dithmenos the Shadowed
    65 | D        | Noticed an oklob sapling
    68 | D        | Killed an oklob sapling
    68 | D        | Reached skill level 14 in Stealth
    80 | D        | Noticed a queen bee
    81 | D        | Noticed a killer bee
    82 | D        | Noticed a killer bee
    85 | D        | Noticed a killer bee
    85 | D        | Noticed a killer bee
    88 | D        | Killed a killer bee
    88 | D        | Reached skill level 16 in Stealth
    88 | D        | Reached XP level 5. HP: 25/25 MP: 7/10
    89 | D        | Killed a killer bee
    89 | D        | Reached skill level 17 in Stealth
    91 | D        | Killed a killer bee
    91 | D        | Reached skill level 18 in Stealth
    93 | D        | Killed a killer bee
    93 | D        | Reached XP level 6. HP: 30/30 MP: 9/12
    94 | D        | Killed a queen bee
    94 | D        | Reached skill level 21 in Stealth
    94 | D        | Reached XP level 7. HP: 33/33 MP: 10/14
    96 | D        | Noticed an oklob plant
    99 | D        | Killed an oklob plant
    99 | D        | Reached skill level 23 in Stealth
   115 | D        | Noticed a burning bush
   118 | D        | Killed a burning bush
   118 | D        | Acquired Dithmenos' first power
   118 | D        | Reached skill level 24 in Stealth
   118 | D        | Reached XP level 8. HP: 37/37 MP: 13/16
   240 | D        | Noticed an oklob sapling wizard
   243 | D        | Killed an oklob sapling wizard
   246 | D        | Noticed a scorpion
   251 | D        | Killed a scorpion
   260 | D        | Found Throte's General Store.
   260 | D        | Found Bouc's Gadget Emporium.
   265 | D        | Bought 4 needles of confusion for 24 gold pieces
   269 | D        | Noticed a burning bush
   269 | D        | Noticed a wandering mushroom
   270 | D        | Noticed a scorpion
   270 | D        | Noticed a wandering mushroom
   273 | D        | Killed a burning bush
   273 | D        | Reached skill level 5 in Short Blades
   276 | D        | Killed a wandering mushroom
   290 | D        | Killed a scorpion
   305 | D        | Found Chathrea's Magic Scroll Emporium.
   305 | D        | Found Hoaseili's Jewellery Shoppe.
   311 | D        | Bought a scroll of blinking for 82 gold pieces
   311 | D        | Bought a scroll of identify for 22 gold pieces
   354 | D        | a wandering mushroom changed into a giant spore
   371 | D        | Killed by an exploding giant spore

Action                   |  1- 3 |  4- 6 |  7- 9 || total
-------------------------+-------+-------+-------++-------
Melee: Dagger            |     4 |     6 |     9 ||    19
 Fire: Blowgun           |       |       |     4 ||     4
Throw: Dart              |       |       |    11 ||    11
Invok: Shadow Step       |       |       |     1 ||     1
 Abil: Evoke Invisibilit |       |     1 |       ||     1
Evoke: Wand              |       |       |     1 ||     1
 Stab: Sleeping          |     4 |     6 |     8 ||    18
       Confused          |       |       |     1 ||     1
